 Dungeon Crawl Stone Soup version 0.23.2 (webtiles) character file.

Game seed: 5248500342302343592

598 Menchi the Chopper (level 7, -1/60 HPs)
             Began as a Ghoul Fighter on Apr 7, 2019.
             Was a Believer of Nemelex Xobeh.
             Slain by an orc (2 damage)
             ... on level 5 of the Dungeon.
             The game lasted 00:07:26 (3616 turns).

Menchi the Chopper (Ghoul Fighter)                  Turns: 3616, Time: 00:07:27

Health: -1/60      AC: 10    Str: 26    XL:     7   Next: 40%
Magic:  6/6        EV: 11    Int:  4    God:    Nemelex Xobeh [**....]
Gold:   211        SH:  0    Dex:  8    Spells: 6/6 levels left

rFire    . . .     SeeInvis .   s - +1 flail (protect)
rCold    + . .     Gourm    .   (no shield)
rNeg     + + +     Faith    .   l - +4 ring mail {rPois}
rPois    ∞         Spirit   .   (no helmet)
rElec    .         Reflect  .   (no cloak)
rCorr    .         Harm     .   (no gloves)
MR       .....                  (no boots)
Stlth    +.........             (no amulet)
HPRegen  0.00/turn              i - ring of stealth
MPRegen  0.10/turn              r - ring of poison resistance

@: mighty, rotting
A: rotting body, claws 1, carnivore, cold resistance 1, negative energy
resistance 3, inhibited regeneration, torment resistance, unbreathing
a: Draw Escape, Draw Destruction, Draw Summoning, Renounce Religion


You were on level 5 of the Dungeon.
You worshipped Nemelex Xobeh.
Nemelex Xobeh was pleased with you.
You were not hungry.

You visited 1 branch of the dungeon, and saw 5 of its levels.

You collected 211 gold pieces.

Inventory:

Hand Weapons
 a - a +0 war axe
 s - a +1 flail of protection (weapon)
Armour
 l - a +4 ring mail of poison resistance (worn)
Jewellery
 i - a ring of stealth (left claw)
 r - a ring of poison resistance (right claw)
Scrolls
 b - 8 scrolls of identify {unknown}
 e - 4 scrolls of teleportation {unknown}
 g - 2 scrolls of enchant weapon {unknown}
 k - 3 scrolls of remove curse {unknown}
 m - a scroll of noise {unknown}
 n - 2 scrolls of fog {unknown}
 t - a scroll of enchant armour {unknown}
Potions
 c - 3 potions of heal wounds {unknown}
 d - 2 potions of might
 h - a potion of magic {unknown}
 j - 2 potions of agility {unknown}
 o - a potion of degeneration {unknown}
 p - 3 potions of lignification {unknown}
 q - a potion of haste {unknown}
Comestibles
 f - 9 rations


   Skills:
 * Level 4.9 Fighting
 * Level 5.2 Axes
 * Level 4.4 Armour
 + Level 1.3 Dodging
   Level 2.6 Shields


You had 6 spell levels left.
You didn't know any spells.
Your spell library was empty.

Dungeon Overview and Level Annotations

Branches:
Dungeon (5/15)
 Temple: D:4-7

Altars:
Dithmenos
Nemelex Xobeh
Okawaru


Innate Abilities, Weirdness & Mutations

Your body is rotting away.
You thrive on raw meat.
You are immune to poison.
You have sharp fingernails.
You are carnivorous and can eat meat at any time.
Your flesh is cold resistant. (rC+)
You are immune to negative energy. (rN+++)
You do not regenerate when monsters are visible.
You are immune to unholy pain and torment.
You can survive without breathing.


Message History

The orc completely misses your killer bee.
The orc priest barely misses you.
You barely miss the killer bee.
Your killer bee barely misses the orc.
The killer bee barely misses you. The orc barely misses you.
Your killer bee stings the orc!
The orc dies!
The killer bee barely misses you. The orc priest hits you.
* * * LOW HITPOINT WARNING * * *
You closely miss the killer bee.
Your killer bee stings the killer bee.
The killer bee is poisoned.
Your killer bee poisons the killer bee!
The killer bee stings you.
* * * LOW HITPOINT WARNING * * *
The orc hits you.
* * * LOW HITPOINT WARNING * * *
Your killer bee stings the killer bee.
The killer bee stings you.
* * * LOW HITPOINT WARNING * * *
The orc priest hits you but does no damage.
The orc hits you.
You die...
Your body disappears without a glow.

#.#.# ###.#.# #.# ....#
#.# ##### #^# # #.# #
#.# # #.# # #.
#.#########.## # #(
#####...yy@o{oo$.# ##
#(##.≈......)o##o....
#≈≈#.#..≈...≈≈.)..# .##
##≈##.≈..≈..≈.≈.≈...#
##≈≈≈≈≈≈≈≈≈≈≈≈≈≈≈≈≈≈≈#
###≈≈≈≈≈≈≈≈.≈≈≈≈≈≈≈≈≈≈≈
.####........).≈..≈≈###
......#..≈.....).####
#####.########.###


You could see a killer bee, an orc priest, 4 orcs and a friendly killer bee.

Vanquished Creatures
  A sky beast (D:5)
  A hound (D:4)
  An orc priest (D:5)
  A bullfrog skeleton (D:5)
  Jessica (D:2)
  Natasha (twice) (D:2)
  3 orc wizards
  A worker ant (D:4)
  3 gnolls (D:2)
  3 adders
  2 oozes
  A worm (D:2)
  3 dart slugs
  2 leopard geckos (D:4)
  6 orcs
  5 giant cockroaches
  5 goblins
  7 hobgoblins
  3 quokkas
  6 bats
  2 frilled lizards
  A jackal skeleton (D:5)
  6 kobolds
  5 rats
71 creatures vanquished.

Vanquished Creatures (collateral kills)
  Edmund (D:4)
  An orc (D:5)
2 creatures vanquished.

Grand Total: 73 creatures vanquished

Notes
Turn   | Place    | Note
-------+----------+-------------------------------------------
     0 | D:1      | Menchi the Ghoul Fighter began the quest for the Orb.
     0 | D:1      | Reached XP level 1. HP: 19/19 MP: 0/0
   115 | D:1      | Reached XP level 2. HP: 26/26 MP: 1/1
   329 | D:1      | Reached skill level 2 in Axes
   640 | D:1      | Reached XP level 3. HP: 32/33 MP: 2/2
   733 | D:2      | Reached XP level 4. HP: 30/40 MP: 3/3
   740 | D:2      | Reached skill level 3 in Axes
   778 | D:2      | You fall through a shaft for 2 floors!
   791 | D:3      | Found a sparkling altar of Nemelex Xobeh.
   797 | D:3      | Became a worshipper of Nemelex Xobeh the Trickster
   853 | D:3      | Received a gift from Nemelex Xobeh
  1098 | D:2      | Noticed Natasha
  1103 | D:2      | Killed Natasha
  1103 | D:2      | Reached XP level 5. HP: 42/45 MP: 4/4
  1116 | D:2      | Noticed Jessica
  1119 | D:2      | Killed Jessica
  1454 | D:2      | Reached skill level 4 in Axes
  1517 | D:2      | Noticed Natasha
  1524 | D:2      | Killed Natasha
  1524 | D:2      | Reached XP level 6. HP: 46/53 MP: 5/5
  1848 | D:3      | Reached * piety under Nemelex Xobeh
  2043 | D:3      | Received a gift from Nemelex Xobeh
  2392 | D:4      | Found an iron altar of Okawaru.
  2771 | D:4      | Found a shadowy altar of Dithmenos.
  2806 | D:4      | Reached ** piety under Nemelex Xobeh
  3013 | D:4      | Noticed Edmund
  3022 | D:4      | Killed Edmund
  3307 | D:5      | Entered Level 5 of the Dungeon
  3312 | D:5      | Received a gift from Nemelex Xobeh
  3331 | D:5      | Noticed a sky beast
  3348 | D:5      | Killed a sky beast
  3348 | D:5      | Reached skill level 5 in Axes
  3348 | D:5      | Reached skill level 1 in Dodging
  3348 | D:5      | Reached XP level 7. HP: 45/60 MP: 6/6
  3616 | D:5      | HP: 2/60 [orc (2)]
  3616 | D:5      | Slain by an orc

Skill      XL: |  1  2  3  4  5  6 |
---------------+-------------------+-----
Armour         | 3 4 |  4.4
Axes           | 2 3 4 5 |  5.2
Fighting       | 4 |  4.9
Dodging        | 1 |  1.3
Shields        | |  2.6

Action                   |  1- 3 |  4- 6 |  7- 9 || total
-------------------------+-------+-------+-------++-------
Melee: War axe           |    75 |   136 |       ||   211
       Flail             |       |    17 |    52 ||    69
 Abil: Draw Destruction  |       |     4 |       ||     4
       Draw Summoning    |       |       |     1 ||     1
  Use: Potion            |       |       |     2 ||     2
 Stab: Sleeping          |     1 |     3 |       ||     4
  Eat: Chunk             |     7 |    12 |     3 ||    22
Armor: Scale mail        |     6 |       |       ||     6
       Ring mail         |    39 |    86 |    35 ||   160
Dodge: Dodged            |    47 |    98 |    48 ||   193
